 Dungeon Crawl Stone Soup version 0.26.1-11-gd32895ea62 (webtiles) character file.

Game seed: 6932996234116687109

32 Zeld the Sneak (level 3, 0/18 HPs)
             Began as a Spriggan Brigand on June 6, 2021.
             Succumbed to an adder's poison
             ... on level 1 of the Dungeon.
             The game lasted 00:02:45 (1420 turns).

Zeld the Sneak (Spriggan Brigand)                   Turns: 1420, Time: 00:02:45

Health: 0/18       AC:  3    Str:  7    XL:     3   Next: 10%
Magic:  5/5        EV: 17    Int: 12    God:
Gold:   58         SH:  0    Dex: 18    Spells: 4/4 levels left

rFire    . . .     SeeInvis +   a - +2 dagger
rCold    . . .     Faith    .   (shield restricted)
rNeg     . . .     Spirit   .   l - +0 robe (curse)
rPois    .         Reflect  .   (helmet restricted)
rElec    .         Harm     .   c - +0 cloak
rCorr    .         Rampage  .   (gloves unavailable)
Will     .....                  (boots unavailable)
Stlth    +++.......             (no amulet)
HPRegen  0.06/turn              (no ring)
MPRegen  0.09/turn              (no ring)

@: lethally poisoned (0 -> -2), very quick
A: very small, unfitting armour, see invisible, speed 3
a: no special abilities


You were on level 1 of the Dungeon.
You visited 1 branch of the dungeon, and saw 2 of its levels.

You collected 58 gold pieces.

Inventory:

Hand Weapons
 a - a +2 dagger (weapon)
Missiles
 d - 17 poisoned darts (quivered)
 e - 2 curare-tipped darts
Armour
 b - a +0 robe
 c - a +0 cloak (worn)
 l - a cursed +0 robe (worn)
Scrolls
 f - 3 scrolls of remove curse {unknown}
 g - a scroll of enchant armour {unknown}
 h - a scroll of magic mapping {unknown}
 j - a scroll of fear {unknown}
 k - a scroll of blinking {unknown}
 p - 2 scrolls of identify {unknown}
Potions
 i - a potion of lignification {unknown}
 m - a potion of haste {unknown}
 n - a potion of mutation {unknown}
 o - a potion of degeneration {unknown}


   Skills:
 - Level 1.5 Fighting
 * Level 2.9 Short Blades
 * Level 2.6 Throwing
 - Level 1.5 Dodging
 + Level 6.2 Stealth
 + Level 1.0 Spellcasting


You had 4 spell levels left.
You didn't know any spells.
Your spell library was empty.

Dungeon Overview and Level Annotations

Branches:
Dungeon (2/15)

Altars:
Vehumet

Annotations:
D:2 Robin


Innate Abilities, Weirdness & Mutations

You are very small and have problems with some larger weapons.
You are too small for most types of armour.
You have supernaturally acute eyesight. (SInv)
You cover ground extremely quickly.


Message History

You see here a stone.
There is a stone staircase leading up here.
You hit the adder.
The adder is moderately wounded.
The adder closely misses you. Robin throws the goblin at you!
The adder bites you.
You are poisoned.
The adder poisons you!
You feel sick. The goblin hits you with a +0 club.
* * * LOW HITPOINT WARNING * * *
The adder misses you.
You climb upwards.
There is a stone staircase leading down here.
Unknown command.
* * * LOW HITPOINT WARNING * * *
You feel sick.
* * * LOW HITPOINT WARNING * * *
You feel sick.
The goblin no longer looks unusually strong.
You die...

###################
#.................#
#.........[....##.#
#..########..#.##.####### #..#
#.)..@.........# #..#
#...#.......##.### #..#
#####...###..........#
##..###...............##.#.#
#.....(.......###..##.##.#.##
#...###.####..# #..#........####
#...###.####..###..#..##........
#.)..............S....####......
#.#.###.#########.g#..# #.#####


There were no monsters in sight!

Vanquished Creatures
  An ooze (D:1)
  A leopard gecko (D:2)
  9 goblins
  3 hobgoblins
  4 jackals (D:1)
  A frilled lizard (D:2)
  3 kobolds
  2 rats (D:1)
24 creatures vanquished.

Notes
Turn   | Place    | Note
-------+----------+-------------------------------------------
     0 | D:1      | Zeld the Spriggan Brigand began the quest for the Orb.
     0 | D:1      | Reached XP level 1. HP: 10/10 MP: 2/2
   208 | D:1      | Reached skill level 6 in Stealth
   208 | D:1      | Reached XP level 2. HP: 12/14 MP: 3/3
   761 | D:2      | Found a radiant altar of Vehumet.
   775 | D:2      | Noticed Robin
  1114 | D:2      | Reached skill level 1 in Spellcasting
  1130 | D:2      | Reached XP level 3. HP: 17/18 MP: 5/5
  1420 | D:1      | Succumbed to an adder's poison

Illustrated notes

Levels and vault maps discovered:
D:1:      evilmike_arrival_home_sweet_home, layout_loops_ring
D:2:      layout_basic, fiery_altar_vehumet, uniq_natasha, uniq_robin

Skill      XL: |  1  2 |
---------------+-------+-----
Stealth        | 6 |  6.2
Spellcasting   | 1 |  1.0
Fighting       | |  1.5
Short Blades   | |  2.9
Throwing       | |  2.6
Dodging        | |  1.5

Action                   || total
-------------------------++-------
Melee: Dagger            ||    78
 Stab: Sleeping          ||     5
Armor: Robe              ||     8
Dodge: Dodged            ||    71
